| TOP OF THE 1ST |
|
Texas Rangers batting - Pitching for Boston Red Sox : RHP Adam Thomas
|
|
Pitching: RHP Adam Thomas
|
|
|
Batting: LHB Da Vo
|
0-0: Called Strike 0-1: Foul Ball, location: 2F 0-2: Foul Ball, location: 2F 0-2: Ball 1-2: Foul Ball, location: 2RF, Error on foul ball, E2 1-2: Ball 2-2: Ball 3-2: Ground out U3 (Groundball, 3, EV 89.4 MPH)
|
|
Batting: RHB David Casas
|
0-0: Ball 1-0: Ground out 5-3 (Groundball, 56S, EV 93.8 MPH)
|
|
Batting: SHB Jun Tsuda
|
0-0: Called Strike 0-1: Ball 1-1: Called Strike 1-2: Ball 2-2: Ground out U3 (Groundball, 3, EV 98.1 MPH)
|
| Top of the 1st over - 0 runs, 0 hits, 1 error, 0 left on base; Texas 0 - Boston 0 |
| BOTTOM OF THE 1ST |
|
Boston Red Sox batting - Pitching for Texas Rangers : LHP Wayne Perry
|
|
Pitching: LHP Wayne Perry
|
|
|
Batting: SHB Robbie Rogers
|
0-0: Ball 1-0: Ball 2-0: Called Strike 2-1: Ground out 4-3 (Groundball, 4M, EV 98.8 MPH)
|
|
Batting: LHB Xavier Pittman
|
0-0: Fly out, F7 (Flyball, 7S, EV 90.6 MPH)
|
|
Batting: SHB Mark Rennie
|
0-0: Ball 1-0: Ball 2-0: Called Strike 2-1: Called Strike 2-2: Fly out, F4 (Line Drive, 4, EV 68.8 MPH)
|
| Bottom of the 1st over - 0 runs, 0 hits, 0 errors, 0 left on base; Texas 0 - Boston 0 |
| TOP OF THE 2ND |
|
Texas Rangers batting - Pitching for Boston Red Sox : RHP Adam Thomas
|
|
Batting: SHB John Giesbrecht
|
0-0: Called Strike 0-1: Ball 1-1: Ball 2-1: Foul Ball, location: 2F 2-2: Foul Ball, location: 2F 2-2: SINGLE (Line Drive, 8LS, EV 105.6 MPH)
|
|
Batting: LHB Cody Schumacher
|
0-0: Called Strike 0-1: Fly out, F9 (Flyball, 89M, EV 88.8 MPH)
|
|
Batting: SHB Vince Ealy
|
0-0: Called Strike 0-1: Grounds into double play, 4-6-3 (Groundball, 4, EV 85.0 MPH)
|
| Top of the 2nd over - 0 runs, 1 hit, 0 errors, 0 left on base; Texas 0 - Boston 0 |
| BOTTOM OF THE 2ND |
|
Boston Red Sox batting - Pitching for Texas Rangers : LHP Wayne Perry
|
|
Batting: SHB Rich Chavez
|
0-0: Ball 1-0: Foul Ball, location: 2F 1-1: Foul Ball, location: 2F 1-2: Strikes out looking
|
|
Batting: RHB Chris Lane
|
0-0: Called Strike 0-1: Swinging Strike 0-2: Fly out, F4 (Line Drive, 4, EV 71.9 MPH)
|
|
Batting: RHB Manny Vergara
|
0-0: DOUBLE (Line Drive, 7LM, EV 105.0 MPH)
|
|
Batting: LHB Kevin McCormic Jr.
|
0-0: Ball 1-0: Called Strike 1-1: DOUBLE (Line Drive, 8RXD, EV 103.8 MPH) Manny Vergara scores
|
|
Batting: RHB Nick Esteves
|
0-0: Ball 1-0: SINGLE (Groundball, 56D, EV 98.1 MPH) Kevin McCormic Jr. to third Runner from 3rd tries for Home, throw by LF and OUT! 7-2
|
| Bottom of the 2nd over - 1 run, 3 hits, 0 errors, 1 left on base; Texas 0 - Boston 1 |
| TOP OF THE 3RD |
|
Texas Rangers batting - Pitching for Boston Red Sox : RHP Adam Thomas
|
|
Batting: RHB Rich Stinson
|
0-0: Called Strike 0-1: Ball 1-1: Foul Ball, location: 2F 1-2: Strikes out looking
|
|
Batting: RHB Edwin Madrid
|
0-0: Foul Ball, location: 2F 0-1: Called Strike 0-2: Foul Ball, location: 2F 0-2: Fly out, F9 (Flyball, 89S, EV 87.5 MPH)
|
|
Batting: RHB Zhao-ji Chi
|
0-0: Ball 1-0: Ball 2-0: Called Strike 2-1: Ball 3-1: Foul Ball, location: 2F 3-2: Base on Balls
|
|
Batting: LHB Da Vo
|
0-0: Swinging Strike 0-1: Ball 1-1: Ball 2-1: Swinging Strike 2-2: Strikes out looking
|
| Top of the 3rd over - 0 runs, 0 hits, 0 errors, 1 left on base; Texas 0 - Boston 1 |
| BOTTOM OF THE 3RD |
|
Boston Red Sox batting - Pitching for Texas Rangers : LHP Wayne Perry
|
|
Batting: RHB Won-jun Park
|
0-0: Called Strike 0-1: Swinging Strike 0-2: Ball 1-2: Foul Ball, location: 2F 1-2: Foul Ball, location: 2F 1-2: Ball 2-2: Ball 3-2: Foul Ball, location: 2F 3-2: Strikes out swinging
|
|
Batting: SHB Robbie Rogers
|
0-0: Ball 1-0: Ball 2-0: Foul Ball, location: 2F 2-1: TRIPLE (Line Drive, 89XD, EV 108.1 MPH)
|
|
Batting: LHB Xavier Pittman
|
0-0: Fly out, F7 (Flyball, 78D, EV 102.5 MPH) Runner from 3rd tags up, SCORES, throw by LF
|
|
Batting: SHB Mark Rennie
|
0-0: Called Strike 0-1: Foul Ball, location: 2F 0-2: Ball 1-2: Foul Ball, location: 2F 1-2: Ball 2-2: Ball 3-2: Foul Ball, location: 2F 3-2: Fly out, F8 (Flyball, 8LM, EV 88.8 MPH)
|
| Bottom of the 3rd over - 1 run, 1 hit, 0 errors, 0 left on base; Texas 0 - Boston 2 |
| TOP OF THE 4TH |
|
Texas Rangers batting - Pitching for Boston Red Sox : RHP Adam Thomas
|
|
Batting: RHB David Casas
|
0-0: Ball 1-0: Ball 2-0: Called Strike 2-1: Swinging Strike 2-2: Ball 3-2: TRIPLE (Flyball, 9D, EV 101.3 MPH)
|
|
Batting: SHB Jun Tsuda
|
0-0: Called Strike 0-1: Called Strike 0-2: Ball 1-2: Ball 2-2: SINGLE (Groundball, 4MD, EV 105.0 MPH) David Casas scores
|
|
Batting: SHB John Giesbrecht
|
0-0: Called Strike Jun Tsuda steals 2nd base (no throw) 0-1: Called Strike 0-2: Foul Ball, location: 2F 0-2: Ball 1-2: SINGLE (Groundball, 4M, EV 100.6 MPH) (infield hit) Jun Tsuda to third
|
|
Batting: LHB Cody Schumacher
|
0-0: Ball 1-0: Fly out, F7 (Flyball, 7LM, EV 88.8 MPH)
|
|
Batting: SHB Vince Ealy
|
0-0: DOUBLE (Line Drive, 8RXD, EV 102.5 MPH) Jun Tsuda scores John Giesbrecht to third Runner from 3rd tries for Home, SAFE, throw by CF to trailing runner, SAFE at third!
|
|
Batting: RHB Rich Stinson
|
0-0: Ball 1-0: Swinging Strike 1-1: Fly out, F7 (Flyball, 7LM, EV 100.0 MPH) Runner from 3rd tags up, SCORES, throw by LF
|
|
Batting: RHB Edwin Madrid
|
0-0: Ball 1-0: Foul Ball, location: 2F 1-1: Foul Ball, location: 2F 1-2: Strikes out swinging, 2-3 out at first.
|
| Top of the 4th over - 4 runs, 4 hits, 0 errors, 0 left on base; Texas 4 - Boston 2 |
| BOTTOM OF THE 4TH |
|
Boston Red Sox batting - Pitching for Texas Rangers : LHP Wayne Perry
|
|
Batting: SHB Rich Chavez
|
0-0: Ball 1-0: Swinging Strike 1-1: Fly out, F4 (Popup, 23, EV 85.6 MPH)
|
|
Batting: RHB Chris Lane
|
0-0: Ground out U3 (Groundball, 3, EV 86.3 MPH)
|
|
Batting: RHB Manny Vergara
|
0-0: Called Strike 0-1: Ball 1-1: Fly out, F6 (Popup, 6M, EV 76.3 MPH)
|
| Bottom of the 4th over - 0 runs, 0 hits, 0 errors, 0 left on base; Texas 4 - Boston 2 |
| TOP OF THE 5TH |
|
Texas Rangers batting - Pitching for Boston Red Sox : RHP Adam Thomas
|
|
Batting: RHB Zhao-ji Chi
|
0-0: Fly out, F4 (Popup, 34D, EV 51.9 MPH)
|
|
Batting: LHB Da Vo
|
0-0: Ball 1-0: Called Strike 1-1: SINGLE (Line Drive, 8LS, EV 104.4 MPH)
|
|
Batting: RHB David Casas
|
0-0: Ball 1-0: Called Strike 1-1: SINGLE (Line Drive, 89M, EV 95.0 MPH) Da Vo to second Runner from 2nd tries for 3rd, SAFE, throw by CF made to third
|
|
Batting: SHB Jun Tsuda
|
0-0: Ball David Casas is caught stealing 2nd base 2-6 1-0: Foul Ball, location: 2F 1-1: Foul Ball, location: 2F 1-2: Ball 2-2: Ball 3-2: Foul Ball, location: 2F 3-2: SINGLE (Line Drive, 89M, EV 102.5 MPH) Da Vo scores
|
|
Pitching: RHP Fred Huber
|
|
|
Batting: SHB John Giesbrecht
|
0-0: Called Strike 0-1: Swinging Strike 0-2: Ball 1-2: 2-RUN HOME RUN (Flyball, 9LD, EV 95.6 MPH), Distance : 353 ft
|
|
Batting: LHB Cody Schumacher
|
0-0: Ball 1-0: Foul Ball, location: 2F 1-1: Foul Ball, location: 2F 1-2: Foul Ball, location: 2F 1-2: Ground out U3 (Groundball, 34S, EV 83.8 MPH)
|
| Top of the 5th over - 3 runs, 4 hits, 0 errors, 0 left on base; Texas 7 - Boston 2 |
| BOTTOM OF THE 5TH |
|
Boston Red Sox batting - Pitching for Texas Rangers : LHP Wayne Perry
|
|
Batting: LHB Kevin McCormic Jr.
|
0-0: Called Strike 0-1: Foul Ball, location: 2F 0-2: Foul Ball, location: 2F 0-2: DOUBLE (Flyball, 8LXD, EV 97.5 MPH)
|
|
Batting: RHB Nick Esteves
|
0-0: SINGLE (Groundball, 34D, EV 105.6 MPH) Kevin McCormic Jr. to third Runner from 3rd tries for Home, throw by RF and OUT! 9-2
|
|
Batting: RHB Won-jun Park
|
0-0: Called Strike 0-1: Fielders Choice at 2nd, 6-4 (Groundball, 6M, EV 88.1 MPH)
|
|
Batting: SHB Robbie Rogers
|
0-0: Ball 1-0: Fielders Choice at 2nd, 5-4 (Groundball, 56, EV 86.9 MPH)
|
| Bottom of the 5th over - 0 runs, 2 hits, 0 errors, 1 left on base; Texas 7 - Boston 2 |
| TOP OF THE 6TH |
|
Texas Rangers batting - Pitching for Boston Red Sox : RHP Fred Huber
|
|
Batting: SHB Vince Ealy
|
0-0: Swinging Strike 0-1: Foul Ball, location: 2F 0-2: Strikes out swinging
|
|
Batting: RHB Rich Stinson
|
0-0: Ball 1-0: Ball 2-0: Called Strike 2-1: Fly out, F9 (Line Drive, 9, EV 94.4 MPH)
|
|
Batting: RHB Edwin Madrid
|
0-0: Ball 1-0: Called Strike 1-1: Foul Ball, location: 2F 1-2: Reached on error, E6 (Groundball, 6S, EV 88.1 MPH)
|
|
Batting: RHB Zhao-ji Chi
|
0-0: Ball 1-0: DOUBLE (Line Drive, 9LM, EV 110.0 MPH) Edwin Madrid to third Runner from 3rd tries for Home, SAFE, throw by RF to trailing runner, SAFE at third!
|
|
Batting: LHB Da Vo
|
0-0: Fly out, F9 (Line Drive, 9D, EV 92.5 MPH)
|
| Top of the 6th over - 1 run, 1 hit, 1 error, 1 left on base; Texas 8 - Boston 2 |
| BOTTOM OF THE 6TH |
|
Boston Red Sox batting - Pitching for Texas Rangers : LHP Wayne Perry
|
|
Batting: LHB Xavier Pittman
|
0-0: Ball 1-0: Ball 2-0: Ball 3-0: Base on Balls
|
|
Batting: SHB Mark Rennie
|
0-0: SINGLE (Groundball, 6MD, EV 106.3 MPH) Xavier Pittman to second Runner from 2nd tries for 3rd, OUT! 8-5 Mark Rennie to second
|
|
Batting: SHB Rich Chavez
|
0-0: Called Strike 0-1: Ball 1-1: Swinging Strike 1-2: Fly out, F8 (Flyball, 8LS, EV 86.9 MPH)
|
|
Batting: RHB Chris Lane
|
0-0: Ball 1-0: Ball 2-0: Ball 3-0: Called Strike 3-1: Base on Balls
|
|
Batting: RHB Manny Vergara
|
0-0: Ball 1-0: SINGLE (Groundball, 6MD, EV 100.0 MPH) Mark Rennie to third Chris Lane to second Runner from 3rd tries for Home, SAFE, throw by CF to home
|
|
Batting: LHB Kevin McCormic Jr.
|
0-0: Foul Ball, location: 2F 0-1: Fly out, F6 (Popup, 56, EV 67.5 MPH)
|
| Bottom of the 6th over - 1 run, 2 hits, 0 errors, 2 left on base; Texas 8 - Boston 3 |
| TOP OF THE 7TH |
|
Texas Rangers batting - Pitching for Boston Red Sox : RHP Fred Huber
|
|
Batting: RHB David Casas
|
0-0: Called Strike 0-1: Fly out, F3 (Line Drive, 3, EV 70.0 MPH)
|
|
Batting: SHB Jun Tsuda
|
0-0: Foul Ball, location: 2F 0-1: SINGLE (Line Drive, 9S, EV 98.8 MPH)
|
|
Batting: SHB John Giesbrecht
|
0-0: Foul Ball, location: 2F 0-1: Ball 1-1: Foul Ball, location: 2F 1-2: Ball 2-2: Ball Jun Tsuda steals 2nd base (no throw) 3-2: Base on Balls
|
|
Pitching: LHP Mike Nimmo
|
|
|
Batting: LHB Cody Schumacher
|
0-0: Called Strike 0-1: Ball 1-1: Fly out, F9 (Flyball, 9S, EV 87.5 MPH)
|
|
Batting: SHB Vince Ealy
|
0-0: Ball 1-0: Called Strike 1-1: Ball 2-1: Ground out 6-3 (Groundball, 6S, EV 62.5 MPH)
|
| Top of the 7th over - 0 runs, 1 hit, 0 errors, 2 left on base; Texas 8 - Boston 3 |
| BOTTOM OF THE 7TH |
|
Boston Red Sox batting - Pitching for Texas Rangers : LHP Wayne Perry
|
|
Now at 1B: Johan de Vries
|
|
|
Batting: RHB Nick Esteves
|
0-0: Called Strike 0-1: Ball 1-1: Ball 2-1: Swinging Strike 2-2: Foul Ball, location: 2F 2-2: Strikes out swinging
|
|
Batting: RHB Won-jun Park
|
0-0: Ball 1-0: Ground out 5-3 (Groundball, 56S, EV 66.3 MPH)
|
|
Batting: SHB Robbie Rogers
|
0-0: Foul Ball, location: 2F 0-1: DOUBLE (Line Drive, 9LM, EV 109.4 MPH)
|
|
Batting: LHB Xavier Pittman
|
0-0: Called Strike 0-1: Ball 1-1: Ball 2-1: Ball 3-1: Swinging Strike 3-2: Foul Ball, location: 2F 3-2: Foul Ball, location: 2F 3-2: Strikes out swinging
|
| Bottom of the 7th over - 0 runs, 1 hit, 0 errors, 1 left on base; Texas 8 - Boston 3 |
| TOP OF THE 8TH |
|
Texas Rangers batting - Pitching for Boston Red Sox : LHP Mike Nimmo
|
|
Batting: RHB Rich Stinson
|
0-0: Foul Ball, location: 2F 0-1: Swinging Strike 0-2: Fly out, F4 (Popup, 4, EV 56.9 MPH)
|
|
Batting: RHB Edwin Madrid
|
0-0: Ball 1-0: Ball 2-0: Called Strike 2-1: Ball 3-1: Foul Ball, location: 2F 3-2: Foul Ball, location: 2F 3-2: Strikes out swinging
|
|
Batting: RHB Zhao-ji Chi
|
0-0: Called Strike 0-1: Ball 1-1: Ball 2-1: Swinging Strike 2-2: Strikes out swinging
|
| Top of the 8th over - 0 runs, 0 hits, 0 errors, 0 left on base; Texas 8 - Boston 3 |
| BOTTOM OF THE 8TH |
|
Boston Red Sox batting - Pitching for Texas Rangers : LHP Wayne Perry
|
|
Pitching: RHP Nate Burnett
|
|
|
Batting: SHB Mark Rennie
|
0-0: Ball 1-0: Foul Ball, location: 2F 1-1: DOUBLE (Flyball, 5D, EV 85.6 MPH)
|
|
Batting: SHB Rich Chavez
|
0-0: 2-RUN HOME RUN (Flyball, 9D, EV 104.4 MPH), Distance : 416 ft
|
|
Pinch Hitting: LHB Brian Gray
|
0-0: Ball 1-0: Fly out, F9 (Flyball, 89M, EV 83.1 MPH)
|
|
Batting: RHB Manny Vergara
|
0-0: Ball 1-0: Fly out, F9 (Flyball, 9LD, EV 104.4 MPH)
|
|
Batting: LHB Kevin McCormic Jr.
|
0-0: Fly out, F8 (Flyball, 78S, EV 88.1 MPH)
|
| Bottom of the 8th over - 2 runs, 2 hits, 0 errors, 0 left on base; Texas 8 - Boston 5 |
| TOP OF THE 9TH |
|
Texas Rangers batting - Pitching for Boston Red Sox : LHP Mike Nimmo
|
|
Pitching: RHP Max Blankenship
|
|
|
Now at 1B: Brian Gray
|
|
|
Batting: LHB Da Vo
|
0-0: Called Strike 0-1: Ball 1-1: Foul Ball, location: 2F 1-2: SINGLE (Groundball, 5S, EV 74.4 MPH) (infield hit)
|
|
Batting: LHB Johan de Vries
|
0-0: Bunt - Flyout to 5S! F1
|
|
Batting: SHB Jun Tsuda
|
0-0: Ball 1-0: Ball Da Vo steals 2nd base 2-0: Called Strike 2-1: Ball 3-1: Called Strike 3-2: Foul Ball, location: 2F 3-2: Foul Ball, location: 2F 3-2: Ground out U3 (Groundball, 34S, EV 85.6 MPH) Da Vo to third
|
|
Batting: SHB John Giesbrecht
|
0-0: Called Strike 0-1: Foul Ball, location: 2F 0-2: Foul Ball, location: 2F 0-2: Ball 1-2: Ball 2-2: Fly out, F1 (Popup, P, EV 73.8 MPH)
|
| Top of the 9th over - 0 runs, 1 hit, 0 errors, 1 left on base; Texas 8 - Boston 5 |
| BOTTOM OF THE 9TH |
|
Boston Red Sox batting - Pitching for Texas Rangers : RHP Nate Burnett
|
|
Pitching: RHP Brad Kramer
|
|
|
Batting: RHB Nick Esteves
|
0-0: SINGLE (Line Drive, 8LM, EV 91.9 MPH)
|
|
Pinch Hitting: LHB Ernesto Cedillos
|
0-0: Ball 1-0: Called Strike 1-1: Called Strike 1-2: Ball 2-2: Single, Error in OF, E8, batter to second base (Groundball, 4MD, EV 107.5 MPH) Nick Esteves to third
|
|
Batting: SHB Robbie Rogers
|
0-0: Called Strike 0-1: Swinging Strike 0-2: Ball 1-2: DOUBLE (Line Drive, 5D, EV 95.0 MPH) Nick Esteves scores Ernesto Cedillos scores
|
|
Batting: LHB Xavier Pittman
|
0-0: Called Strike 0-1: Called Strike 0-2: Strikes out looking
|
|
Batting: SHB Mark Rennie
|
0-0: Ball Robbie Rogers steals 3rd base 1-0: Ball 2-0: Ball 3-0: Called Strike 3-1: Fly out, F8 (Flyball, 78S, EV 90.0 MPH) Runner from 3rd tags up, SCORES, throw by CF
|
|
Batting: SHB Rich Chavez
|
0-0: Called Strike 0-1: Ground out 2-3 (Groundball, 2L, EV 61.3 MPH)
|
| Bottom of the 9th over - 3 runs, 3 hits, 1 error, 0 left on base; Texas 8 - Boston 8 |
| TOP OF THE 10TH |
|
Texas Rangers batting - Pitching for Boston Red Sox : RHP Max Blankenship
|
|
Now at SS: Brace Harper
|
|
|
Batting: LHB Cody Schumacher
|
0-0: Ball 1-0: Ground out 4-3 (Groundball, 4S, EV 80.6 MPH)
|
|
Batting: SHB Vince Ealy
|
0-0: Ball 1-0: Ball 2-0: Swinging Strike 2-1: Fly out, F9 (Flyball, 9S, EV 81.3 MPH)
|
|
Batting: RHB Rich Stinson
|
0-0: Called Strike 0-1: Foul Ball, location: 2F 0-2: Ball 1-2: Foul Ball, location: 2F 1-2: Ball 2-2: Fly out, F7 (Line Drive, 7D, EV 86.3 MPH)
|
| Top of the 10th over - 0 runs, 0 hits, 0 errors, 0 left on base; Texas 8 - Boston 8 |
| BOTTOM OF THE 10TH |
|
Boston Red Sox batting - Pitching for Texas Rangers : RHP Brad Kramer
|
|
Pitching: RHP Kyle Curve
|
|
|
Batting: LHB Brian Gray
|
0-0: Ball 1-0: Ball 2-0: Called Strike 2-1: Foul Ball, location: 2F 2-2: Strikes out swinging
|
|
Batting: RHB Manny Vergara
|
0-0: Ball 1-0: Called Strike 1-1: Called Strike 1-2: Strikes out swinging
|
|
Batting: LHB Kevin McCormic Jr.
|
0-0: Called Strike 0-1: Ball 1-1: SINGLE (Line Drive, 7S, EV 97.5 MPH)
|
|
Pinch Runner at 1st Shoichi Aso:
|
|
|
Batting: RHB Nick Esteves
|
0-0: Ball 1-0: Swinging Strike 1-1: Swinging Strike 1-2: Ball 2-2: Strikes out swinging
|
| Bottom of the 10th over - 0 runs, 1 hit, 0 errors, 1 left on base; Texas 8 - Boston 8 |
| TOP OF THE 11TH |
|
Texas Rangers batting - Pitching for Boston Red Sox : RHP Max Blankenship
|
|
Pitching: RHP Danny Klomp
|
|
|
Now in RF: Shoichi Aso
|
|
|
Batting: RHB Edwin Madrid
|
0-0: Ball 1-0: DOUBLE (Line Drive, 9LM, EV 105.0 MPH)
|
|
Batting: RHB Zhao-ji Chi
|
0-0: Ball 1-0: Ball 2-0: Ball 3-0: Called Strike 3-1: Foul Ball, location: 2F 3-2: SINGLE (Groundball, 6MS, EV 69.4 MPH) (infield hit) Edwin Madrid to third
|
|
Batting: LHB Da Vo
|
0-0: Called Strike 0-1: Foul Ball, location: 2F 0-2: Ball 1-2: Ball 2-2: Ball 3-2: Strikes out swinging
|
|
Batting: LHB Johan de Vries
|
0-0: Called Strike 0-1: Ball 1-1: Ball 2-1: Ball 3-1: Ground out 4-3 (Groundball, 4, EV 88.1 MPH) Zhao-ji Chi to second
|
|
Batting: SHB Jun Tsuda
|
0-0: Called Strike 0-1: Ball 1-1: Foul Ball, location: 2F 1-2: Ball 2-2: Ball 3-2: Fly out, F9 (Line Drive, 9, EV 105.0 MPH)
|
| Top of the 11th over - 0 runs, 2 hits, 0 errors, 2 left on base; Texas 8 - Boston 8 |
| BOTTOM OF THE 11TH |
|
Boston Red Sox batting - Pitching for Texas Rangers : RHP Kyle Curve
|
|
Batting: SHB Brace Harper
|
0-0: Ground out 4-3 (Groundball, 4, EV 85.6 MPH)
|
|
Batting: SHB Robbie Rogers
|
0-0: Ball 1-0: Foul Ball, location: 2F 1-1: Ball 2-1: Foul Ball, location: 2F 2-2: Ball 3-2: Foul Ball, location: 2F 3-2: Strikes out swinging
|
|
Batting: LHB Xavier Pittman
|
0-0: Foul Ball, location: 2F 0-1: Foul Ball, location: 2F 0-2: Foul Ball, location: 2F 0-2: Strikes out swinging
|
| Bottom of the 11th over - 0 runs, 0 hits, 0 errors, 0 left on base; Texas 8 - Boston 8 |
| TOP OF THE 12TH |
|
Texas Rangers batting - Pitching for Boston Red Sox : RHP Danny Klomp
|
|
Batting: SHB John Giesbrecht
|
0-0: Ball 1-0: DOUBLE (Flyball, 78D, EV 101.9 MPH)
|
|
Batting: LHB Cody Schumacher
|
0-0: Ball 1-0: Foul Ball, location: 2F 1-1: Ball 2-1: Ball 3-1: Foul Ball, location: 2F 3-2: Strikes out swinging
|
|
Batting: SHB Vince Ealy
|
0-0: Swinging Strike 0-1: Foul Ball, location: 2F 0-2: Ball 1-2: Strikes out looking
|
|
Batting: RHB Rich Stinson
|
0-0: Ball 1-0: Foul Ball, location: 2F 1-1: Ball 2-1: Swinging Strike 2-2: Ball 3-2: Strikes out swinging
|
| Top of the 12th over - 0 runs, 1 hit, 0 errors, 1 left on base; Texas 8 - Boston 8 |
| BOTTOM OF THE 12TH |
|
Boston Red Sox batting - Pitching for Texas Rangers : RHP Kyle Curve
|
|
Batting: SHB Mark Rennie
|
0-0: Ball 1-0: Ball 2-0: Ball 3-0: Called Strike 3-1: Base on Balls
|
|
Pitching: RHP Troy Baker
|
|
|
Batting: SHB Rich Chavez
|
0-0: Foul Ball, location: 2F 0-1: Fly out, F9 (Flyball, 9S, EV 78.8 MPH)
|
|
Batting: LHB Brian Gray
|
0-0: Foul Ball, location: 2F 0-1: Ball 1-1: Fly out, F8 (Flyball, 8RS, EV 86.9 MPH)
|
|
Batting: RHB Manny Vergara
|
0-0: Ball 1-0: Swinging Strike 1-1: Ball 2-1: Called Strike 2-2: Foul Ball, location: 2F 2-2: Strikes out swinging
|
| Bottom of the 12th over - 0 runs, 0 hits, 0 errors, 1 left on base; Texas 8 - Boston 8 |
| TOP OF THE 13TH |
|
Texas Rangers batting - Pitching for Boston Red Sox : RHP Danny Klomp
|
|
Pitching: RHP Edgar Saldivar
|
|
|
Batting: RHB Edwin Madrid
|
0-0: Ball 1-0: Ball 2-0: Ground out 4-3 (Groundball, 4, EV 107.5 MPH)
|
|
Batting: RHB Zhao-ji Chi
|
0-0: Called Strike 0-1: Ball 1-1: Ball 2-1: Ground out 6-3 (Groundball, 6, EV 76.3 MPH)
|
|
Batting: LHB Da Vo
|
0-0: Called Strike 0-1: Ball 1-1: Ball 2-1: Reached on error, E5 (Popup, 6S, EV 81.9 MPH)
|
|
Batting: LHB Johan de Vries
|
0-0: Swinging Strike 0-1: Ball 1-1: Foul Ball, location: 2F 1-2: Fly out, F8 (Flyball, 8LS, EV 84.4 MPH)
|
| Top of the 13th over - 0 runs, 0 hits, 1 error, 1 left on base; Texas 8 - Boston 8 |
| BOTTOM OF THE 13TH |
|
Boston Red Sox batting - Pitching for Texas Rangers : RHP Troy Baker
|
|
Batting: LHB Shoichi Aso
|
0-0: Ball 1-0: Foul Ball, location: 2F 1-1: Ball 2-1: DOUBLE (Line Drive, 89XD, EV 111.3 MPH)
|
|
Batting: RHB Nick Esteves
|
0-0: Foul Ball, location: 2F 0-1: Ball 1-1: Ground out 4-3 (Groundball, 4, EV 105.0 MPH) Shoichi Aso to third
|
|
Batting: SHB Brace Harper
|
0-0: Foul Ball, location: 2F 0-1: Ball 1-1: Fielders Choice at home, 4-2 (Groundball, 34, EV 98.1 MPH)
|
|
Batting: SHB Robbie Rogers
|
0-0: SINGLE (Line Drive, 8LS, EV 106.3 MPH) Brace Harper to second Runner from 2nd tries for 3rd, SAFE, throw by CF made to third
|
|
Batting: LHB Xavier Pittman
|
0-0: Called Strike 0-1: Swinging Strike 0-2: Ball 1-2: Foul Ball, location: 2F 1-2: Ball 2-2: Strikes out swinging
|
| Bottom of the 13th over - 0 runs, 2 hits, 0 errors, 2 left on base; Texas 8 - Boston 8 |
| TOP OF THE 14TH |
|
Texas Rangers batting - Pitching for Boston Red Sox : RHP Edgar Saldivar
|
|
Batting: SHB Jun Tsuda
|
0-0: DOUBLE (Line Drive, 9LM, EV 110.6 MPH)
|
|
Batting: SHB John Giesbrecht
|
0-0: Foul Ball, location: 2F 0-1: Hit by Pitch
|
|
Batting: LHB Cody Schumacher
|
0-0: Ball 1-0: Ball 2-0: Called Strike 2-1: Foul Ball, location: 2F 2-2: Ball 3-2: DOUBLE (Flyball, 8RXD, EV 95.0 MPH) Jun Tsuda scores John Giesbrecht to third
|
|
Batting: SHB Vince Ealy
|
0-0: Foul Ball, location: 2F 0-1: Ball 1-1: SINGLE (Flyball, 34D, EV 95.6 MPH) John Giesbrecht scores Cody Schumacher to third
|
|
Batting: RHB Rich Stinson
|
0-0: Ball 1-0: Called Strike 1-1: Ball Vince Ealy steals 2nd base 2-1: Ball 3-1: Called Strike 3-2: Ground out 6-3 (Groundball, 6D, EV 96.3 MPH) Cody Schumacher scores
|
|
Pitching: LHP Zack McGovern
|
|
|
Batting: RHB Edwin Madrid
|
0-0: Called Strike 0-1: Ball 1-1: Ball 2-1: Fly out, F8 (Line Drive, 8RD, EV 108.1 MPH)
|
|
Batting: RHB Zhao-ji Chi
|
0-0: Ground out U3 (Groundball, 3, EV 97.5 MPH)
|
| Top of the 14th over - 3 runs, 3 hits, 0 errors, 1 left on base; Texas 11 - Boston 8 |
| BOTTOM OF THE 14TH |
|
Boston Red Sox batting - Pitching for Texas Rangers : RHP Troy Baker
|
|
Batting: SHB Mark Rennie
|
0-0: Ground out 3-1 (Groundball, 3D, EV 109.4 MPH)
|
|
Batting: SHB Rich Chavez
|
0-0: Ground out 4-3 (Groundball, 4M, EV 85.0 MPH)
|
|
Batting: LHB Brian Gray
|
0-0: Called Strike 0-1: Foul Ball, location: 2F 0-2: Foul Ball, location: 2F 0-2: Foul Ball, location: 2F 0-2: Strikes out swinging
|
| Bottom of the 14th over - 0 runs, 0 hits, 0 errors, 0 left on base; Texas 11 - Boston 8 |
|